 Dungeon Crawl Stone Soup version 0.28.0-45-g0d030f2227 (webtiles) character file.

Game seed: 1888864797982301724

92 101zpm the Vexing (level 4, -5/25 HPs)
             Began as a Deep Elf Arcane Marksman on Apr 20, 2022.
             Slain by a gnoll
             ... wielding a +0 halberd
              (16 damage)
             ... on level 3 of the Dungeon.
             The game lasted 00:13:28 (5883 turns).

101zpm the Vexing (Deep Elf Arcane Marksman)        Turns: 5883, Time: 00:13:29

Health: -5/25      AC:  4    Str:  7    XL:     4   Next: 35%
Magic:  9/9        EV: 12    Int: 18    God:
Gold:   111        SH:  0    Dex: 17    Spells: 5/7 levels left

rFire   . . .      SeeInvis .   a - +0 shortbow
rCold   . . .      Faith    .   (shield currently unavailable)
rNeg    . . .      Spirit   .   e - +0 leather armour
rPois   .          Reflect  .   o - +0 helmet
rElec   .          Harm     .   (no cloak)
rCorr   .          Rampage  .   (no gloves)
Will    .....                   (no boots)
Stlth   ++........              (no amulet)
HPRegen 0.08/turn               (no ring)
MPRegen 0.11/turn               (no ring)

@: no status effects
A: no striking features
a: no special abilities


You were on level 3 of the Dungeon.
You visited 1 branch of the dungeon, and saw 4 of its levels.

You collected 111 gold pieces.

Inventory:

Hand Weapons
 a - a +0 shortbow (weapon)
 g - a +3 mace
 k - a +0 short sword
 l - a +0 long sword
 m - a +0 whip
 n - a +0 spear
 p - a +0 short sword of electrocution
Missiles
 c - 40 arrows (quivered ammo)
 j - 58 stones
Armour
 d - a +0 robe
 e - a +0 leather armour (worn)
 o - a +0 helmet (worn)
Scrolls
 b - 2 scrolls of teleportation
 h - 4 scrolls of identify {unknown}
 i - a scroll of blinking {unknown}
 q - a scroll of immolation {unknown}
Potions
 f - a potion of haste {unknown}
 r - a potion of curing {unknown}


   Skills:
 + Level 1.0 Fighting
 + Level 0.7 Short Blades
 + Level 4.0 Bows
 + Level 0.6 Armour
 + Level 2.6 Dodging
 + Level 1.0 Stealth
 + Level 2.3 Spellcasting
 + Level 4.7 Hexes
 + Level 0.8 Summonings


You had 5 spell levels left.
You knew the following spells:

 Your Spells              Type           Power      Damage    Failure   Level
a - Slow                  Hex            76%        N/A       3%          1
b - Summon Small Mammal   Summ           20%        N/A       19%         1

Your spell library contained the following spells:

 Spells                   Type           Power      Damage    Failure   Level
 Animate Skeleton         Necr           4%         N/A       26%         1
 Apportation              Tloc           4%         N/A       26%         1
 Inner Flame              Hex/Fire       10%        N/A       28%         3
 Portal Projectile        Hex/Tloc       20%        N/A       28%         3
 Cause Fear               Hex            9%         N/A       36%         4


Dungeon Overview and Level Annotations

Branches:
Dungeon (4/15)
 Temple: D:4-7

Altars:
Ashenzari


Message History

Fire: 46 arrows
Press: ? - help, Q - select action, (/) - cycle Shift-Dir - straight line, f/p - gnoll
Aim: a gnoll, wielding a +0 halberd and wearing a +0 scale mail (slow, ally target, 69% to hit)
You shoot an arrow.
The arrow hits the gnoll but does no damage.
Fire: 45 arrows
Press: ? - help, Q - select action, (/) - cycle Shift-Dir - straight line, f/p - gnoll
Aim: a gnoll, wielding a +0 halberd and wearing a +0 scale mail (slow, ally target, 69% to hit)
You shoot an arrow. The arrow barely misses the gnoll.
Your rat barely misses the gnoll.
Fire: 44 arrows
Press: ? - help, Q - select action, (/) - cycle Shift-Dir - straight line, f/p - gnoll
Aim: a gnoll, wielding a +0 halberd and wearing a +0 scale mail (slow, ally target, 69% to hit)
You shoot an arrow.
The arrow hits the gnoll but does no damage.
The gnoll hits you from afar with a +0 halberd.
Your rat bites the gnoll.
Your rat barely misses the gnoll.
Your rat disappears in a puff of smoke!
The gnoll is no longer moving slowly.
Fire: 43 arrows
Press: ? - help, Q - select action, (/) - cycle Shift-Dir - straight line, f/p - gnoll
Aim: a gnoll, wielding a +0 halberd and wearing a +0 scale mail (lightly wounded, 69% to hit)
You shoot an arrow. The arrow barely misses the gnoll.
Fire: 42 arrows
Press: ? - help, Q - select action, (/) - cycle Shift-Dir - straight line, f/p - gnoll
Aim: a gnoll, wielding a +0 halberd and wearing a +0 scale mail (lightly wounded, 69% to hit)
You shoot an arrow. The arrow hits the gnoll.
The gnoll is moderately wounded.
Fire: 41 arrows
Press: ? - help, Q - select action, (/) - cycle Shift-Dir - straight line, f/p - gnoll
Aim: a gnoll, wielding a +0 halberd and wearing a +0 scale mail (moderately wounded, 69% to hit)
You shoot an arrow.
The arrow hits the gnoll but does no damage.
The gnoll is moderately wounded.
The gnoll hits you from afar with a +0 halberd!
There is a stone staircase leading up here.
The gnoll hits you from afar with a +0 halberd!
Ouch! That really hurt!
You die...

#.....##........(...(.#
############....(.....#
#..........#
##......<..#
##########.........#
####..................#
...^.########...g.....#
###### #.........# #
#...@.....# ##.......##
##.....## #######


You could see a gnoll.

Vanquished Creatures
  An orc wizard (D:3)
  An adder (D:3)
  2 dart slugs
  5 orcs
  An endoplasm (D:2)
  2 giant cockroaches
  2 goblins (D:2)
  5 hobgoblins
  4 quokkas
  4 ball pythons
  6 bats
  3 frilled lizards
  6 kobolds
  5 rats
47 creatures vanquished.

Vanquished Creatures (others)
  2 plants (D:1)
2 creatures vanquished.

Grand Total: 49 creatures vanquished

Notes
Turn   | Place    | Note
-------+----------+-------------------------------------------
     0 | D:1      | 101zpm the Deep Elf Arcane Marksman began the quest for the
                  | Orb.
     0 | D:1      | Reached XP level 1. HP: 11/11 MP: 5/5
   166 | D:1      | Found a faded altar of an unknown god.
   713 | D:1      | Reached XP level 2. HP: 15/16 MP: 6/6
  2036 | D:2      | Found a broken altar of Ashenzari.
  2084 | D:2      | Reached skill level 1 in Fighting
  2571 | D:2      | Reached XP level 3. HP: 18/20 MP: 7/7
  3359 | D:2      | Learned a level 1 spell: Summon Small Mammal
  4822 | D:3      | Reached skill level 1 in Stealth
  4822 | D:3      | Reached XP level 4. HP: 7/25 MP: 9/9
  5374 | D:4      | Noticed a black bear
  5883 | D:3      | Slain by a gnoll

Illustrated notes

Levels and vault maps discovered:
D:1:      lemuel_arrival_room, layout_loops_corners,
          shapermc_ecumenical_altar_mp_urbaneastern, dk_noncrumbling_3
D:2:      layout_basic, basic_altar
D:3:      layout_rooms
D:4:      layout_loops_ring, gup_ossuary_entry_pyramid, minmay_snake_closets,
          uniq_grinder

Skill      XL: |  1  2  3 |
---------------+----------+-----
Bows           | 3 4 |  4.0
Fighting       | 1 |  1.0
Spellcasting   | 2 |  2.3
Stealth        | 1 |  1.0
Short Blades   | |  0.7
Armour         | |  0.6
Dodging        | |  2.6
Hexes          | |  4.7
Summonings     | |  0.8

Action                   |  1- 3 |  4- 6 || total
-------------------------+-------+-------++-------
Melee: Short sword       |   100 |       ||   100
       Mace              |    12 |       ||    12
       Punch             |     1 |       ||     1
 Fire: Shortbow          |    43 |    33 ||    76
 Cast: Slow              |    11 |     7 ||    18
       Summon Small Mamm |     6 |     2 ||     8
  Use: Scroll            |     1 |       ||     1
 Stab: Sleeping          |     2 |       ||     2
Armor: Robe              |     9 |       ||     9
       Leather armour    |    22 |     8 ||    30
Dodge: Dodged            |    74 |    24 ||    98
